 Dungeon Crawl Stone Soup version 0.29.1-1-gd02db6906a (webtiles) character file.

Game seed: 6210879735657796837

5406 ikaterino the Carver (level 10, -4/76 HPs)
             Began as a Demonspawn Gladiator on Sept 16, 2022.
             Was an Initiate of Makhleb.
             Slain by a yak (20 damage)
             ... on level 8 of the Dungeon on Sept 17, 2022.
             The game lasted 00:43:19 (8533 turns).

ikaterino the Carver (Demonspawn Gladiator)         Turns: 8533, Time: 00:43:19

Health: -4/76      AC: 12    Str: 16    XL:     10   Next: 40%
Magic:  10/10      EV: 16    Int:  9    God:    Makhleb [......]
Gold:   699        SH: 13    Dex: 22    Spells: 5/9 levels left

rFire   + . .      SeeInvis .   X - +4 great sword
rCold   . . .      Faith    .   (shield currently unavailable)
rNeg    . . .      Spirit   .   O - +2 scale mail {rF+}
rPois   +          Reflect  +   c - +0 helmet
rElec   .          Harm     .   (no cloak)
rCorr   .          Rampage  .   (no gloves)
Will    .....      NoCast   +   h - +0 pair of boots
Stlth   +.........              D - amulet of Ru's Scorn {Reflect -Cast Dex+4 SH+5}
HPRegen 0.22/turn               s - +4 ring of evasion
MPRegen 0.12/turn               x - ring of poison resistance

@: no status effects
A: large bone plates 1, demonic guardian 2, condensation shield, demonic touch 2
a: Renounce Religion


You were on level 8 of the Dungeon.
You worshipped Makhleb.
Makhleb was noncommittal.
You visited 2 branches of the dungeon, and saw 9 of its levels.
You visited the Abyss 1 time.

You collected 1340 gold pieces.
You spent 192 gold pieces at shops.
You paid 449 gold pieces to Gozag.

Inventory:

Hand Weapons
 a - a +2 long sword
 V - the +4 dagger of Embarrassment {drain, rN+ Stlth+}
   (You found it on level 7 of the Dungeon)

   A truly terrible weapon, it drains the life of any living foe it strikes.
   rN:        It protects you from negative energy.
   Stlth:     It makes you more stealthy.
 X - a +4 great sword (weapon)
Missiles
 d - 3 throwing nets
 e - 6 javelins (quivered)
 t - 7 boomerangs
Armour
 b - a +0 leather armour
 c - a +0 helmet (worn)
 h - a +0 pair of boots (worn)
 m - a +0 chain mail
 L - a +1 plate armour
 O - a +2 scale mail of fire resistance (worn)
 S - a scarf of resistance
 W - a +2 hat
Magical Staves
 w - a staff of earth
Jewellery
 s - a +4 ring of evasion (left hand)
 v - an amulet of regeneration
 x - a ring of poison resistance (right hand)
 B - a ring of magical power
 D - the amulet of Ru's Scorn (around neck) {Reflect -Cast Dex+4 SH+5}
   (You found it on level 3 of the Dungeon)

   [amulet of reflection]

   It reflects blocked missile attacks.
   Dex:       It affects your dexterity (+4).
   -Cast:     It prevents spellcasting.
   SH:        It affects your SH (+5).
 I - a ring of protection from fire
 U - a ring of resist corrosion
Wands
 K - a wand of flame (30)
Scrolls
 g - 7 scrolls of identify
 i - 2 scrolls of enchant weapon
 j - a scroll of silence
 k - a scroll of butterflies {unknown}
 l - a scroll of amnesia {unknown}
 n - 3 scrolls of teleportation
 y - a scroll of magic mapping {unknown}
 A - a scroll of acquirement {unknown}
 F - 2 scrolls of fear {unknown}
 G - 2 scrolls of vulnerability
 H - a scroll of enchant armour
 J - 2 scrolls of immolation {unknown}
 N - a scroll of noise {unknown}
 Q - a scroll of torment {unknown}
Potions
 f - 2 potions of mutation {unknown}
 o - a potion of magic {unknown}
 p - 3 potions of heal wounds
 q - a potion of might
 r - 3 potions of attraction {unknown}
 z - a potion of invisibility
 C - a potion of flight {unknown}
 E - a potion of berserk rage {unknown}
 M - 2 potions of haste
 P - 2 potions of lignification {unknown}
 R - a potion of resistance {unknown}
 T - a potion of cancellation {unknown}


   Skills:
 + Level 5.7 Fighting
 + Level 9.9 Long Blades
 + Level 2.1 Throwing
 + Level 6.0 Armour
 + Level 4.6 Dodging
 + Level 1.7 Stealth
 + Level 5.5 Shields


You had 5 spell levels left.
You knew the following spells:

 Your Spells              Type           Power      Damage    Failure   Level
a - Scorch                Fire           0%         2d5       89%         2
b - Call Imp              Summ           0%         N/A       89%         2

Your spell library contained the following spells:

 Spells                   Type           Power      Damage    Failure   Level
 Magic Dart               Conj           0%         1d3       78%         1
 Slow                     Hex            0%         N/A       78%         1
 Sublimation of Blood     Necr           0%         N/A       89%         2
 Wereblood                Tmut           0%         N/A       89%         2
 Confusing Touch          Hex            0%         N/A       98%         3
 Mephitic Cloud           Conj/Pois/Air  0%         N/A       98%         3
 Vampiric Draining        Necr           0%         2d6       98%         3
 Flame Wave               Conj/Fire      0%         2d4       100%        4
 Summon Cactus Giant      Summ           0%         N/A       100%        6
 Summon Hydra             Summ           0%         N/A       100%        7


Dungeon Overview and Level Annotations

Branches:
Dungeon (8/15)             Temple (1/1) D:4
   Lair: D:8-11

Altars:
Ashenzari
Cheibriados
Dithmenos
Fedhas
Gozag
Hepliaklqana
Kikubaaqudgha
Makhleb
Nemelex Xobeh
Okawaru
Qazlal
Ru
Sif Muna
Trog
Uskayaw
Vehumet
Wu Jian
Xom
Yredelemnul

Shops:
D:6 *[


Innate Abilities, Weirdness & Mutations

You are partially covered in large bone plates. (SH +4)
A demonic guardian rushes to your aid.
A meltable shield of frost defends you. (SH +4)
Your touch may inflict irresistible damage on your foes.


Message History

You slash the yak!
The yak is severely wounded.
You block the yak's attack.
The yak rages.
You barely miss the yak.
The yak is severely wounded.
The yak gores you!
* * * LOW HITPOINT WARNING * * *
A demonic guardian appears!
You slash the yak!
The yak is almost dead.
You block the yak's attack.
You feel much better. You block the yak's attack.
You slash the yak!
You kill the yak!
Makhleb accepts your kill.
The yak rages.
You block the yak's attack.
Your Armour skill increases to level 6!
You hit the yak.
The yak is lightly wounded.
The yak closely misses you. The yak misses you.
You slash the yak!
The yak is moderately wounded.
You block the yak's attack.
You slice the yak!!
The yak is heavily wounded.
The yak gores you!
* * * LOW HITPOINT WARNING * * *
The yak misses you.
You feel much better. The yak gores you!
* * * LOW HITPOINT WARNING * * *
A demonic guardian appears!
You block the yak's attack.
You slash the yak!
The yak is severely wounded.
The yak closely misses you.
You barely miss the yak.
The yak is severely wounded.
The yak gores you!!
You die...

###..............#.#
.....###........##.#
###.####........##.#
#.##.............#
#.##............#
#...))).........######
#.......##.##.4......#
#.##.##.......4#
#.......######@#
#..#.#..# #Y#
#..#.#..# #.#
#.......# ...
##.###.## ... #.###.#
..... #..##'## .....
####...## #.....#
#.~.~.#


You could see a yak (berserk, incited, ally target) and 2 friendly ice devils.

Vanquished Creatures
  A worldbinder (Abyss:2)
  Joseph (D:8)
  Psyche (D:8)
  6 yaks (D:8)
  A steam dragon (D:6)
  2 orc warriors
  An ice beast (D:6)
  3 black bears
  An ogre (D:5)
  A centaur (D:6)
  A bullfrog (D:7)
  2 scorpions
  3 wights (D:6)
  4 killer bees (D:8)
  A crimson imp (D:8)
  5 hounds
  2 jellies
  2 orc priests
  2 iguanas
  An iron imp (D:8)
  An orc wizard (D:5)
  7 gnolls
  7 adders
  A shadow imp (D:5)
  A white imp (D:5)
  An ufetubus (D:4)
  A worm (D:4)
  2 dart slugs
  29 orcs
  5 endoplasms
  4 giant cockroaches
  11 goblins
  12 hobgoblins
  4 jackals (D:1)
  5 ball pythons
  3 bats
  2 frilled lizards
  7 kobolds
  10 rats
154 creatures vanquished.

Vanquished Creatures (collateral kills)
  Gastronok (D:8)
  2 yaks (D:8)
  A centaur (D:5)
  4 wights (D:8)
  A goblin (D:3)
9 creatures vanquished.

Vanquished Creatures (others)
  3 fungi (D:1)
  4 plants
7 creatures vanquished.

Grand Total: 170 creatures vanquished

Notes
Turn   | Place    | Note
-------+----------+-------------------------------------------
     0 | D:1      | ikaterino the Demonspawn Gladiator began the quest for the
                  | Orb.
     0 | D:1      | Reached XP level 1. HP: 16/16 MP: 1/1
   425 | D:1      | Gained mutation: Your touch may inflict minor irresistible
                  | damage on your foes. [demonic ancestry]
   425 | D:1      | Reached XP level 2. HP: 19/22 MP: 2/2
   872 | D:1      | Reached skill level 3 in Long Blades
  1095 | D:1      | Found a faded altar of an unknown god.
  1115 | D:1      | Prayed at the altar of an unknown god.
  1115 | D:1      | Became a worshipper of Gozag Ym Sagoz the Greedy
  1171 | D:1      | Reached XP level 3. HP: 24/28 MP: 3/3
  2307 | D:2      | Reached skill level 1 in Armour
  2804 | D:2      | Learned a level 2 spell: Scorch
  2828 | D:3      | Gained mutation: A weak demonic guardian rushes to your
                  | aid. [demonic ancestry]
  2828 | D:3      | Reached XP level 4. HP: 32/34 MP: 4/4
  3053 | D:3      | Identified the amulet of Ru's Scorn {Reflect -Cast Dex+4
                  | SH+5}
  3804 | D:4      | Gained mutation: A meltable shield of frost defends you.
                  | (SH +4) [demonic ancestry]
  3804 | D:4      | Reached XP level 5. HP: 16/40 MP: 5/5
  4021 | D:4      | Reached skill level 4 in Long Blades
  4244 | D:4      | Found a snail-covered altar of Cheibriados.
  4307 | D:4      | Found a staircase to the Ecumenical Temple.
  4328 | Temple   | Entered the Ecumenical Temple
  4764 | D:4      | Learned a level 2 spell: Call Imp
  4765 | D:5      | Entered Level 5 of the Dungeon
  4800 | D:5      | Noticed a black bear
  4811 | D:5      | Killed a black bear
  4812 | D:5      | Reached XP level 6. HP: 47/47 MP: 6/6
  4838 | D:5      | Reached skill level 1 in Shields
  4946 | D:5      | Reached skill level 5 in Long Blades
  5474 | D:5      | Gained mutation: A demonic guardian rushes to your aid.
                  | [demonic ancestry]
  5474 | D:5      | Reached XP level 7. HP: 52/52 MP: 7/7
  5483 | D:5      | Found a radiant altar of Vehumet.
  5779 | D:6      | Reached skill level 6 in Long Blades
  6022 | D:6      | Gained mutation: You are partially covered in large bone
                  | plates. (SH +4) [demonic ancestry]
  6022 | D:6      | Reached XP level 8. HP: 58/60 MP: 8/8
  6035 | D:6      | Bought a +1 scale mail of fire resistance for 192 gold
                  | pieces
  6088 | D:6      | Found Muet's Gadget Gallery.
  6220 | D:6      | Reached skill level 1 in Stealth
  6550 | D:7      | Reached skill level 7 in Long Blades
  6961 | D:7      | Found an iron altar of Okawaru.
  6965 | D:7      | Found a hazy altar of Hepliaklqana.
  7126 | D:7      | Identified the +4 dagger of Embarrassment {drain, rN+
                  | Stlth+}
  7335 | D:7      | Found a shimmering altar of Xom.
  7488 | D:8      | Found a snail-covered altar of Cheibriados.
  7648 | D:8      | Found a hide-covered altar of Uskayaw.
  7656 | D:8      | Gained mutation: Your touch may inflict irresistible damage
                  | on your foes. [demonic ancestry]
  7656 | D:8      | Reached XP level 9. HP: 43/64 MP: 9/9
  7669 | D:8      | Noticed Joseph
  7690 | D:8      | Noticed Gastronok
  7690 | D:8      | Killed Joseph
  7691 | D:8      | Reached skill level 8 in Long Blades
  7712 | D:8      | Killed Gastronok
  7713 | D:8      | Reached skill level 5 in Fighting
  7713 | D:8      | Reached skill level 5 in Armour
  7923 | D:8      | Reached skill level 9 in Long Blades
  7923 | D:8      | Reached skill level 5 in Shields
  7934 | D:8      | Reached XP level 10. HP: 26/74 MP: 10/10
  8230 | D:8      | Noticed Psyche
  8241 | Abyss:2  | Cast into level 2 of the Abyss (Psyche)
  8266 | Abyss:2  | Noticed a worldbinder
  8269 | Abyss:2  | Noticed a wolf spider
  8285 | Abyss:2  | Noticed an orb spider
  8285 | Abyss:2  | Killed a worldbinder
  8329 | D:8      | Escaped the Abyss
  8331 | D:8      | Killed Psyche
  8432 | D:8      | Found a burning altar of Makhleb.
  8463 | D:8      | Fell from the grace of Gozag
  8465 | D:8      | Became a worshipper of Makhleb the Destroyer
  8533 | D:8      | Slain by a yak

Illustrated notes

Levels and vault maps discovered:
D:1:      dpeg_arrival_lava_altar, layout_rooms,
          dreamdust_ecumenical_altar_hidden_monk_grotto, minmay_door_square
D:2:      layout_basic
D:3:      corexii_shack_village, layout_basic
D:4:      layout_rooms, minmay_temple_entry_slanted, kennysheep_small_circle
D:5:      layout_basic, vehumet_altar_wand_db, small_statue_intersection,
          uniq_crazy_yiuf_cottage
D:6:      layout_loops_ring, chequers_mini_garden, nicolae_shop_gadgets
D:7:      layout_loops_ring, nicolae_overflow_hidden_temple
D:8:      layout_loops_cross, slow_altar_2, eat_drink_and_be_merry_uskayaw,
          makhleb_grotto_becter, nzn_life_drinkers, uniq_joseph, uniq_psyche,
          uniq_gastronok
Temple:   nicolae_temple_superstar

Skill      XL: |  1  2  3  4  5  6  7  8  9 10 |
---------------+-------------------------------+-----
Dodging        | 3 4 |  4.6
Long Blades    | 3 4 5 6 7 9 |  9.9
Armour         | 1 2 3 4 5 6 |  6.0
Fighting       | 3 4 5 |  5.7
Shields        | 1 2 3 5 |  5.5
Stealth        | 1 |  1.7
Throwing       | 2 |  2.1

Action                   |  1- 3 |  4- 6 |  7- 9 | 10-12 || total
-------------------------+-------+-------+-------+-------++-------
Melee: Long sword        |   137 |   150 |   132 |       ||   419
       Touch             |    21 |    22 |    27 |       ||    70
       Punch             |     1 |     1 |     3 |       ||     5
       Great sword       |       |       |    14 |    66 ||    80
Throw: Javelin           |       |       |     5 |       ||     5
Invok: Call Merchant     |       |       |     1 |       ||     1
       Renounce Religion |       |       |       |     1 ||     1
  Use: Scroll            |       |     4 |     4 |       ||     8
       Potion            |       |     3 |     8 |     2 ||    13
 Stab: Sleeping          |     1 |       |       |       ||     1
       Distracted        |     1 |       |     1 |       ||     2
Armor: Leather armour    |    49 |       |       |       ||    49
       Chain mail        |    33 |    71 |     7 |       ||   111
       Plate armour      |       |       |     4 |       ||     4
       Scale mail        |       |       |    19 |    11 ||    30
Dodge: Dodged            |   125 |   101 |    87 |    39 ||   352
Block: Other             |       |    71 |   112 |    41 ||   224
       Reflection        |       |     1 |     7 |       ||     8
